 Dungeon Crawl Stone Soup version 0.24-a0-584-g9d6b971ae4 (webtiles) character file.

Game seed: 10471446472803321146, levelgen mode: deterministic

1969 Gynju the Magician (level 9, -10/69 HPs)
             Began as a Gnoll Skald on Sept 3, 2019.
             Was a Follower of the Shining One.
             Mangled by a cyan ugly thing (16 damage)
             ... on level 7 of the Dungeon.
             The game lasted 00:12:27 (7031 turns).

Gynju the Magician (Gnoll Skald)                    Turns: 7031, Time: 00:12:28

Health: -10/69     AC: 14    Str: 18    XL:     9   Next: 20%
Magic:  2/18       EV: 15    Int: 17    God:    the Shining One [*.....]
Gold:   379        SH:  7    Dex: 14    Spells: 12/20 levels left

rFire    . . .     SeeInvis .   a - +1 whip (flame)
rCold    . . .     Gourm    .   y - +2 buckler
rNeg     . . .     Faith    .   E - +2 leather armour of Thoughtfulness {rCorr}
rPois    .         Spirit   .   (no helmet)
rElec    .         Reflect  .   t - +0 cloak
rCorr    +         Harm     .   q - +1 pair of gloves
MR       .....                  p - +0 pair of boots
Stlth    +.........             (no amulet)
HPRegen  0.21/turn              j - +2 ring of strength
MPRegen  0.16/turn              x - +4 ring of protection

@: lethally poisoned (-10 -> -14), infused, singing, glowing
A: distributed training, fangs 1, strong nose
a: Renounce Religion


You were on level 7 of the Dungeon.
You worshipped the Shining One.
The Shining One was aware of your devotion.
You were not hungry.

You visited 2 branches of the dungeon, and saw 8 of its levels.

You collected 379 gold pieces.

Inventory:

Hand Weapons
 a - a +1 whip of flaming (weapon)
 b - a +0 hunting sling
Missiles
 e - 39 sling bullets
 w - 155 stones (quivered)
Armour
 p - a +0 pair of boots (worn)
 q - a +1 pair of gloves (worn)
 t - a +0 cloak (worn)
 y - a +2 buckler (worn)
 E - the +2 leather armour of Thoughtfulness (worn) {rCorr}
   (You found it on level 4 of the Dungeon)

   It provides partial protection from all sources of acid and corrosion.
Magical Staves
 F - an uncursed staff of power
Jewellery
 j - a +2 ring of strength (left hand)
 x - a +4 ring of protection (right hand)
 B - an uncursed ring of ice
Wands
 m - a wand of flame (19)
Scrolls
 c - a scroll of identify
 i - 5 scrolls of remove curse
 l - 2 scrolls of fear
 r - 7 scrolls of teleportation
 C - a scroll of vulnerability {unknown}
 D - a scroll of enchant weapon {unknown}
 G - a scroll of enchant armour
Potions
 f - 3 potions of berserk rage
 g - 2 potions of mutation
 h - 2 potions of lignification
 n - a potion of ambrosia
 o - 2 potions of cancellation
 s - 3 potions of curing
 u - a potion of heal wounds
 v - 3 potions of brilliance
 z - 2 potions of flight
 A - 2 potions of resistance
Comestibles
 d - 13 rations


   Skills:
 + Level 6.1 Fighting
 + Level 3.9 Short Blades
 + Level 3.9 Long Blades
 + Level 6.1 Axes
 + Level 3.9 Maces & Flails
 + Level 3.9 Polearms
 + Level 3.9 Staves
 + Level 3.9 Slings
 + Level 3.9 Bows
 + Level 3.9 Crossbows
 + Level 3.9 Throwing
 + Level 4.7 Armour
 + Level 6.1 Dodging
 + Level 3.9 Stealth
 + Level 3.9 Shields
 + Level 3.9 Unarmed Combat
 + Level 6.4 Spellcasting
 + Level 3.2 Conjurations
 + Level 3.2 Hexes
 + Level 6.4 Charms
 + Level 3.2 Summonings
 + Level 3.2 Necromancy
 + Level 3.2 Translocations
 + Level 3.2 Transmutations
 + Level 3.2 Fire Magic
 + Level 3.2 Ice Magic
 + Level 3.2 Air Magic
 + Level 3.2 Earth Magic
 + Level 3.2 Poison Magic
 + Level 4.3 Invocations
 + Level 3.9 Evocations


You had 12 spell levels left.
You knew the following spells:

 Your Spells              Type           Power        Failure   Level  Hunger
a - Infusion              Chrm           ####         1%          1    None
b - Song of Slaying       Chrm           ####....     1%          2    None
c - Shroud of Golubria    Chrm/Tloc      ###...       3%          2    None
d - Spectral Weapon       Hex/Chrm       ###.....     6%          3    ##.....

Your spell library contained the following spells:

 Spells                   Type           Power        Failure   Level  Hunger
 Regeneration             Chrm/Necr      ###.......   6%          3    ##.....


Dungeon Overview and Level Annotations

Branches:
Dungeon (7/15)             Temple (1/1) D:5

Altars:
Ashenzari
Cheibriados
Dithmenos
Elyvilon
Fedhas
Gozag
Hepliaklqana
Kikubaaqudgha
Makhleb
Nemelex Xobeh
Okawaru
Qazlal
Ru
Sif Muna
Trog
Uskayaw
Vehumet
Wu Jian
Xom
Yredelemnul
Zin
The Shining One

Shops:
D:5 :


Innate Abilities, Weirdness & Mutations

Your experience applies equally to all skills.
You have very sharp teeth.
Your uncanny sense of smell can sniff out nearby items.


Message History

The cyan ugly thing punches you. The cyan ugly thing shocks you!
* * * LOW HITPOINT WARNING * * *
The orc closely misses you.
The orc hits your spectral weapon but does no damage.
You hit the phantom. You burn the phantom.
You destroy the phantom!
The Shining One accepts your kill.
You feel sick. You block the orc's attack.
The cyan ugly thing punches you but does no damage.
The orc completely misses your spectral weapon.
The orc hits you but does no damage.
You feel sick.
The orc hits your spectral weapon with a cursed +0 hand axe.
Your spectral weapon shares its damage with you!
Your spectral weapon fades away.
* * * LOW HITPOINT WARNING * * *
You block the orc's attack. The cyan ugly thing punches you.
* * * LOW HITPOINT WARNING * * *
The cyan ugly thing shocks you!
You die...

#....# ..
##....## ..#
##......#
#..###.......##
#..#..........
#..........#
#.......†# ∆
#..o....#
#..ou@o#....#
##.oo...#....#
#.......######
#.......#....##
......#..#....#
##....#...#..##
###.#.....###
#.......#
#..#....#


You could see a cyan ugly thing and 5 orcs.

Vanquished Creatures
  Eustachio (D:5)
  3 phantoms
  2 ice beasts (D:6)
  An orc warrior (D:6)
  2 sky beasts
  A gnoll sergeant (D:5)
  2 howler monkeys (D:7)
  2 crimson imps (D:5)
  4 hounds
  3 orc priests (D:6)
  A bullfrog skeleton (D:3)
  8 orc wizards
  An iguana (D:6)
  2 worker ants
  A killer bee zombie (D:7)
  A worker ant zombie (D:5)
  6 gnolls
  18 adders
  A river rat (D:3)
  3 oozes
  An adder zombie (D:5)
  An adder skeleton (D:3)
  6 worms
  4 dart slugs
  5 leopard geckos
  8 orcs
  2 ball pythons
  3 bats
  3 giant cockroaches
  7 goblins
  5 hobgoblins
  10 kobolds
  2 quokkas
  6 frilled lizards
  A quokka zombie (D:6)
  8 rats
135 creatures vanquished.

Vanquished Creatures (others)
  A spectral weapon (D:7)
1 creature vanquished.

Grand Total: 136 creatures vanquished

Notes
Turn   | Place    | Note
-------+----------+-------------------------------------------
     0 | D:1      | Gynju the Gnoll Skald began the quest for the Orb.
     0 | D:1      | Reached XP level 1. HP: 20/20 MP: 6/6
   234 | D:1      | Reached XP level 2. HP: 24/26 MP: 7/7
   769 | D:2      | Reached XP level 3. HP: 25/31 MP: 9/9
   827 | D:2      | Reached skill level 5 in Spellcasting
   928 | D:2      | Found a white marble altar of Elyvilon.
  1086 | D:2      | Reached skill level 1 in Invocations
  1166 | D:2      | Reached skill level 1 in Short Blades
  1166 | D:2      | Reached skill level 1 in Long Blades
  1166 | D:2      | Reached skill level 1 in Maces & Flails
  1166 | D:2      | Reached skill level 1 in Polearms
  1166 | D:2      | Reached skill level 1 in Staves
  1166 | D:2      | Reached skill level 1 in Slings
  1166 | D:2      | Reached skill level 1 in Bows
  1166 | D:2      | Reached skill level 1 in Crossbows
  1166 | D:2      | Reached skill level 1 in Throwing
  1166 | D:2      | Reached skill level 1 in Stealth
  1166 | D:2      | Reached skill level 1 in Shields
  1166 | D:2      | Reached skill level 1 in Unarmed Combat
  1166 | D:2      | Reached skill level 1 in Evocations
  1170 | D:2      | Reached XP level 4. HP: 26/38 MP: 11/11
  1662 | D:2      | Found a shadowy altar of Dithmenos.
  2118 | D:3      | Learned a level 2 spell: Song of Slaying
  2123 | D:3      | Reached skill level 1 in Conjurations
  2123 | D:3      | Reached skill level 1 in Hexes
  2123 | D:3      | Reached skill level 1 in Summonings
  2123 | D:3      | Reached skill level 1 in Necromancy
  2123 | D:3      | Reached skill level 1 in Translocations
  2123 | D:3      | Reached skill level 1 in Transmutations
  2123 | D:3      | Reached skill level 1 in Fire Magic
  2123 | D:3      | Reached skill level 1 in Ice Magic
  2123 | D:3      | Reached skill level 1 in Air Magic
  2123 | D:3      | Reached skill level 1 in Earth Magic
  2123 | D:3      | Reached skill level 1 in Poison Magic
  2212 | D:3      | Found a faded altar of an unknown god.
  2629 | D:3      | Reached XP level 5. HP: 43/43 MP: 12/12
  2688 | D:3      | Found a stormy altar of Qazlal.
  3386 | D:4      | Reached XP level 6. HP: 44/50 MP: 13/13
  3532 | D:4      | Reached skill level 5 in Fighting
  3532 | D:4      | Reached skill level 5 in Axes
  3532 | D:4      | Reached skill level 5 in Dodging
  3930 | D:4      | Got a faintly humming leather armour
  3941 | D:4      | Identified the +2 leather armour of Thoughtfulness {rCorr}
                  | (You found it on level 4 of the Dungeon)
  4303 | D:5      | Entered Level 5 of the Dungeon
  4497 | D:5      | Found a staircase to the Ecumenical Temple.
  4516 | D:5      | Reached XP level 7. HP: 47/56 MP: 15/15
  4544 | Temple   | Entered the Ecumenical Temple
  4802 | Temple   | Became a worshipper of the Shining One
  4935 | D:5      | Found a snail-covered altar of Cheibriados.
  5148 | D:5      | Found Malos's Book Boutique.
  5648 | D:6      | Noticed Eustachio
  5658 | D:5      | Killed Eustachio
  5658 | D:5      | Reached XP level 8. HP: 63/63 MP: 7/16
  5666 | D:5      | Learned a level 2 spell: Shroud of Golubria
  5670 | D:5      | Learned a level 3 spell: Regeneration
  5674 | D:5      | Learned a level 3 spell: Spectral Weapon
  5688 | D:6      | Reached * piety under the Shining One
  6695 | D:6      | Reached XP level 9. HP: 52/69 MP: 3/18
  7015 | D:7      | Noticed a cyan ugly thing
  7031 | D:7      | Mangled by a cyan ugly thing

Levels and vault maps discovered:
D:1:      ncdulo_watergridlock, layout_loops_cross, minmay_pentomino_u2
D:2:      layout_loops_ring, elyvilon_altar_5, first_ration,
          lemuel_altar_in_water
D:3:      layout_basic, old_standard_altar, chequers_ecumenical_altar_grove,
          lightli_sewer_entry_pipes
D:4:      layout_basic, minmay_distorted
D:5:      layout_basic, kennysheep_slug_shrine, minmay_temple_entry_sparse_star,
          serial_shops, shop
D:6:      layout_rooms, hangedman_decor_slide_cut, uniq_eustachio
D:7:      layout_layer_cave
Temple:   dpeg_five_rooms_temple

Skill      XL: |  1  2  3  4  5  6  7  8  9 |
---------------+----------------------------+-----
Spellcasting   | 5 6 |  6.4
Invocations    | 1 2 3 4 |  4.3
Short Blades   | 1 2 3 |  3.9
Long Blades    | 1 2 3 |  3.9
Maces & Flails | 1 2 3 |  3.9
Polearms       | 1 2 3 |  3.9
Staves         | 1 2 3 |  3.9
Slings         | 1 2 3 |  3.9
Bows           | 1 2 3 |  3.9
Crossbows      | 1 2 3 |  3.9
Throwing       | 1 2 3 |  3.9
Stealth        | 1 2 3 |  3.9
Shields        | 1 2 3 |  3.9
Unarmed Combat | 1 2 3 |  3.9
Evocations     | 1 2 3 |  3.9
Conjurations   | 1 2 3 |  3.2
Hexes          | 1 2 3 |  3.2
Summonings     | 1 2 3 |  3.2
Necromancy     | 1 2 3 |  3.2
Translocations | 1 2 3 |  3.2
Transmutations | 1 2 3 |  3.2
Fire Magic     | 1 2 3 |  3.2
Ice Magic      | 1 2 3 |  3.2
Air Magic      | 1 2 3 |  3.2
Earth Magic    | 1 2 3 |  3.2
Poison Magic   | 1 2 3 |  3.2
Armour         | 3 4 |  4.7
Fighting       | 5 6 |  6.1
Axes           | 5 6 |  6.1
Dodging        | 5 6 |  6.1
Charms         | 6 |  6.4

Action                   |  1- 3 |  4- 6 |  7- 9 || total
-------------------------+-------+-------+-------++-------
Melee: Hand axe          |    30 |       |       ||    30
       Bite              |     4 |    32 |    31 ||    67
       Whip              |    54 |   382 |   252 ||   688
 Cast: Infusion          |     2 |     2 |     6 ||    10
       Song of Slaying   |       |     2 |     6 ||     8
       Spectral Weapon   |       |       |     4 ||     4
       Shroud of Golubri |       |       |     3 ||     3
  Use: Scroll            |     8 |     2 |    11 ||    21
 Stab: Sleeping          |       |     1 |       ||     1
  Eat: Chunk             |       |    11 |     6 ||    17
       Ration            |       |       |     1 ||     1
Armor: Ring mail         |    33 |    88 |       ||   121
       Leather armour    |       |    42 |    99 ||   141
Dodge: Dodged            |    58 |   226 |   146 ||   430
Block: Buckler           |       |    73 |   101 ||   174

Table legend:
 A = Non-vault XP
 B = Vault XP
 C = Vault XP percentage of total XP
 D = Non-vault monster count
 E = Vault monster count
 F = Vault count percentage of total count
                 A         B        C        D         E       F
            +---------+---------+-------+---------+---------+-------
      Total |    2554 |     260 |   9.2 |     123 |      12 |   8.9
            +---------+---------+-------+---------+---------+-------
        D:1 |      25 |       3 |  10.7 |      13 |       2 |  13.3
        D:2 |      83 |       0 |   0.0 |      23 |       0 |   0.0
        D:3 |     144 |      63 |  30.4 |      26 |       7 |  21.2
        D:4 |     205 |      14 |   6.4 |       9 |       1 |  10.0
        D:5 |     596 |     180 |  23.2 |      20 |       2 |   9.1
        D:6 |    1102 |       0 |   0.0 |      27 |       0 |   0.0
        D:7 |     399 |       0 |   0.0 |       5 |       0 |   0.0
            +---------+---------+-------+---------+---------+-------
